 Dungeon Crawl Stone Soup version 0.32-a0-558-g233958a4c4 (webtiles) character file.

Game seed: 962375923117037518

23 seren the Sneak (level 2, -3/22 HPs)
             Began as a Coglin Brigand on Feb 29, 2024.
             Slain by a gnoll
             ... wielding a +0 flail
              (11 damage)
             ... on level 1 of the Dungeon.
             The game lasted 00:01:26 (489 turns).

seren the Sneak (Coglin Brigand)                     Turns: 489, Time: 00:01:26

Health: -3/22      AC:  5    Str: 11    XL:     2   Next: 95%
Magic:  2/2        EV: 12    Int: 10    God:
Gold:   39         SH:  0    Dex: 15    Spells: 1/1 levels left

rFire   . . .        a - +2 dagger {Agathoclea}
rCold   + . .        g - +0 dagger {Kulveer}
rNeg    . . .        k - +1 robe {rC+}
rPois   .            i - +0 helmet
rElec   .            c - +0 cloak
rCorr   .            (no gloves)
SInv    .            (no boots)
Will    .....        (amulet unavailable)
Stlth   ++           (ring unavailable)
HPRegen 0.23/turn    (ring unavailable)
MPRegen 0.08/turn    (no gizmo)

%: no passive effects
@: revving
A: off-hand wielding, slow wielding, warmup strikes, no jewelry
a: Invent Gizmo


You were on level 1 of the Dungeon.
You visited 1 branch of the dungeon, and saw 1 of its levels.

You collected 39 gold pieces.

Inventory:

Hand Weapons
 a - a +2 dagger (weapon) {Agathoclea}
 g - a +0 dagger (offhand) {Kulveer}
Missiles
 d - 9 poisoned darts (quivered)
 e - 3 curare-tipped darts
Armour
 c - a +0 cloak (worn)
 i - a +0 helmet (worn)
 k - a +1 robe of cold resistance (worn)
Scrolls
 b - a scroll of vulnerability {unknown}
 f - a scroll of enchant armour {unknown}
 h - a scroll of identify {unknown}
 j - a scroll of immolation {unknown}


   Skills:
 + Level 2.3 Fighting
 - Level 1.7(2.0) Short Blades
 * Level 1.2(1.8) Long Blades
 + Level 2.0 Throwing
 + Level 0.4 Armour
 + Level 1.2 Dodging
 - Level 3.2 Stealth


You had one spell level left.
You didn't know any spells.
Your spell library contained the following spells:

 Spells                   Type           Power      Damage    Failure   Level
 Magic Dart               Conj           0%         1d3       36%         1
 Searing Ray              Conj           0%         2d4       50%         2
 Fulminant Prism          Conj/Alch      0%         3d5       98%         4


Dungeon Overview and Level Annotations

Branches:
Dungeon (1/15)

Altars:


Innate Abilities, Weirdness & Mutations

You can wield a second weapon in your off-hand.
It takes a long time for you to wield or remove held weapons.
Your first few attacks do less damage.
You cannot equip rings or amulets.


Message History

The rat misses you.
You hit the rat but do no damage. You hit the rat with your +0 dagger.
The frilled lizard bites you.
You hit the rat but do no damage.
The rat is heavily wounded.
You hit the rat with your +0 dagger.
You kill the rat!
The frilled lizard barely misses you.
You miss the frilled lizard with your +0 dagger.
You hit the frilled lizard with your +2 dagger.
You kill the frilled lizard!
No target in view!
Things that are here:
a +0 dagger; a goblin corpse
b - a scroll labelled JASCHO BOITHRU
There is a large open door here.
You open the large door.
A gnoll comes into view. It is wielding a +0 flail.
The gnoll shouts!
There is a large open door here.
Found a blue potion.
A hobgoblin comes into view.
The gnoll hits you with a +0 flail.
The hobgoblin shouts!
You hit the gnoll with your +0 dagger.
The gnoll is lightly wounded.
You closely miss the gnoll with your +2 dagger.
The gnoll barely misses you.
You hit the gnoll with your +0 dagger.
The gnoll is moderately wounded.
You hit the gnoll but do no damage. The gnoll hits you with a +0 flail!
Ouch! That really hurt!
* * * LOW HITPOINT WARNING * * *
You are too injured to fight recklessly!
You hit the gnoll with your +2 dagger.
The gnoll is heavily wounded.
You closely miss the gnoll with your +0 dagger.
The hobgoblin closely misses you. The gnoll hits you with a +0 flail!
Ouch! That really hurt!
You die...

##########.#....
#........#.#.##. .
######.>.#.#.... ..
#........#.#.... ...
#.####.#.#.####. ....
#....#.#.#.# #.
.....#####.#.#.#.#.# #.
......g.'....#.#.#.####.
......g@'รท.#...#...#....
!.....###''#########.#.#
...........##...........
#...#####.............##
### ####.......>..##
##......>......
###..#.........##
#####...###.......##
#######.....####.........#


You could see a gnoll and a hobgoblin.

Vanquished Creatures
  A dart slug (D:1)
  3 ball pythons (D:1)
  2 goblins (D:1)
  4 jackals (D:1)
  A quokka (D:1)
  A bat (D:1)
  4 frilled lizards (D:1)
  2 kobolds (D:1)
  2 rats (D:1)
20 creatures vanquished.

Notes
Turn   | Place    | Note
-------+----------+-------------------------------------------
     0 | D:1      | seren the Coglin Brigand began the quest for the Orb.
     0 | D:1      | Reached XP level 1. HP: 16/16 MP: 1/1
   128 | D:1      | Reached skill level 1 in Dodging
   177 | D:1      | Reached XP level 2. HP: 22/22 MP: 2/2
   281 | D:1      | Reached skill level 1 in Long Blades
   311 | D:1      | Found a faded altar of an unknown god.
   489 | D:1      | Slain by a gnoll

Illustrated notes

Levels and vault maps discovered:
D:1:      hellmonk_arrival_library, layout_rooms,
          chequers_ecumenical_altar_island

Skill      XL: |  1  2 |
---------------+-------+-----
Dodging        | 1 |  1.2
Long Blades    | 1 |  1.2
Throwing       | 2 |  2.0
Fighting       | |  2.3
Short Blades   | |  1.7
Armour         | |  0.4
Stealth        | |  3.2

Action                     || total
---------------------------++-------
  Melee: Dagger            ||    74
   Stab: Sleeping          ||     4
 Armour: Robe              ||    34
  Dodge: Dodged            ||    30

Table legend: (Time is in decaauts)
 A = Elapsed time spent in this place.
 B = Non-inter-level travel time spent in this place.
 C = Inter-level travel time spent in this place.
 D = Time resting spent in this place.
 E = Time spent auto-exploring this place.
 F = Levels seen in this place.
 G = Mean time per level.
                   A        B        C        D        E       F      G
               +--------+--------+--------+--------+--------+-----+--------+
         Total |    486 |    486 |      0 |     51 |    241 |   1 |  486.0 |
       Dungeon |    486 |    486 |      0 |     51 |    241 |   1 |  486.0 |
               +--------+--------+--------+--------+--------+-----+--------+

Top non-repeatable levels by time:
     D:1: 486 daAuts
